cohdb
Replays
Latest Replays
All Replays
Popular Replays
Top Player Replays
Match Explorer
How It Works
Community
CoH3 Stats
Reddit
Sign in to upload your games and track your stats! →
Sign in with Steam
Match 38534922
Unlisted
Match 38534922
Overview
Messages
Build Orders
End
Kradschützen Motorcycle Team
Kradschützen Motorcycle Team
250 Light Carrier
Panzerpioneer Squad
Construct Light Support Kompanie
Combat Half-tracks
Assault Grenadier Squad
MG34 Team
Panzerjäger Mechanized Group
Construct Mechanized Kompanie
Support Armor Elements
StuG III D Assault Gun
MG34 Team
MG34 Team
8 Rad Armored Car
Assault Mechanized Group
Selects Italian Infantry
Selects Guastatori Squad
Selects Sound the Alarm
Selects Prepared Positions
Selects L6/40 Light Tank Combat Group
Selects Towed Cannone da 105/28 Field Howitzer
Towed Cannone da 105/28 Field Howitzer
FuzzyWIG
REGULATOR
0
0
Comments
sign in to comment!
No comments posted yet!